 Dungeon Crawl Stone Soup version 0.31-a0-193-gdfe2569204 (webtiles) character file.

Game seed: 8988974594913565016

40 qw the Shooter (level 3, 0/20 HPs)
             Began as a Deep Elf Hunter on June 24, 2023.
             Slain by a kobold
             ... wielding a +0 whip
              (5 damage)
             ... on level 2 of the Dungeon.
             The game lasted 00:00:20 (802 turns).

qw the Shooter (Deep Elf Hunter)                     Turns: 802, Time: 00:00:20

Health: 0/20       AC:  3    Str: 10    XL:     3   Next: 30%
Magic:  5/5        EV: 12    Int: 13    God:
Gold:   161        SH:  0    Dex: 18    Spells: 2/2 levels left

rFire   . . .        Y - +0 shortbow
rCold   . . .        (shield currently unavailable)
rNeg    . . .        c - +0 leather armour
rPois   .            (no helmet)
rElec   .            (no cloak)
rCorr   .            (no gloves)
SInv    .            (no boots)
Will    .....        (no amulet)
Stlth   ++           (no ring)
HPRegen 0.23/turn    (no ring)
MPRegen 0.09/turn

%: no passive effects
@: no status effects
A: no striking features
a: no special abilities


You were on level 2 of the Dungeon.
You visited 1 branch of the dungeon, and saw 2 of its levels.

You collected 161 gold pieces.


   Skills:
 - Level 1.5 Fighting
 + Level 6.9 Ranged Weapons
 - Level 2.4 Dodging
 - Level 1.2 Stealth


You had 2 spell levels left.
You didn't know any spells.
Your spell library was empty.

Inventory:

Hand Weapons
 Y - a +0 shortbow (weapon)
Armour
 c - a +0 leather armour (worn)
Scrolls
 a - a scroll of teleportation
 d - a scroll of immolation {unknown}
Potions
 b - a potion of magic {unknown}
 e - a potion of brilliance {unknown}

Dungeon Overview and Level Annotations

Branches:
Dungeon (2/15)

Altars:


Message History

The endoplasm hits you but does no damage.
You shoot an arrow. The arrow hits the adder.
The adder is almost dead.
The adder bites you.
A jackal comes into view.
The kobold barely misses you. The endoplasm closely misses you.
A jackal comes into view.
The adder closely misses you.
You shoot an arrow. The jackal barks! x2
The arrow hits the adder.
You kill the adder!
A bat comes into view.
The kobold barely misses you. The endoplasm hits you.
You shoot an arrow. The arrow hits the jackal.
The jackal is almost dead.
The jackal bites you but does no damage.
The kobold misses you. The endoplasm closely misses you.
The endoplasm barely misses you.
The jackal pauses to sniff the ground.
The jackal bites you.
You shoot an arrow. The arrow closely misses the jackal.
The endoplasm freezes you.
You are frozen.
The kobold hits you but does no damage. The endoplasm hits you.
The jackal bites you.
You shoot an arrow. The arrow hits the jackal!
You kill the jackal!
The endoplasm closely misses you. The rat closely misses you.
The kobold misses you.
The endoplasm hits you but does no damage.
You shoot an arrow. The arrow hits the endoplasm.
The endoplasm is heavily wounded.
The endoplasm misses you. The rat barely misses you.
The kobold hits you but does no damage. The endoplasm freezes you.
You are frozen.
You shoot an arrow. The arrow hits the endoplasm.
You kill the endoplasm!
The rat bites you. The kobold hits you with a +0 whip.
You die...

......#............###
#.......................
..................###...
.............#.#.####...
........................
..................####..
......hb...........#####
.....hKr#.##...%........
....)KJ@................
......h.##...........###
...$.##.###...>......#
.... ..# ...........#
... .... #..........# ..
..#.. ...####.### .
...#.. ### #.# ........
#.##### ##......


You could see an endoplasm, 3 jackals, a bat, 2 kobolds and a rat.

Vanquished Creatures
  An adder (D:2)
  5 endoplasms
  2 giant cockroaches (D:1)
  2 goblins
  6 hobgoblins
  A jackal (D:2)
  2 kobolds (D:1)
  4 ball pythons
  2 bats
  A frilled lizard (D:1)
  3 rats
29 creatures vanquished.

Notes
Turn   | Place    | Note
-------+----------+-------------------------------------------
     0 | D:1      | qw the Deep Elf Hunter began the quest for the Orb.
     0 | D:1      | Reached XP level 1. HP: 12/12 MP: 3/3
     0 | D:1      | 0 ||| qw: Version: 0.3-a-9-g12657ce
     0 | D:1      | 0 ||| qw: Game counter: 4658
     0 | D:1      | 0 ||| qw: Always use a shield: true
     0 | D:1      | 0 ||| qw: God list: Okawaru
     0 | D:1      | 0 ||| qw: Allow faded altars: false
     0 | D:1      | 0 ||| qw: Do Orc after D:15 true
     0 | D:1      | 0 ||| qw: Do second Lair branch before Depths: true
     0 | D:1      | 0 ||| qw: Lair rune preference: random
     0 | D:1      | 0 ||| qw: Plans: Normal
     0 | D:1      | 0 ||| PLANNING D:1-11
   220 | D:1      | Reached skill level 6 in Ranged Weapons
   220 | D:1      | Reached XP level 2. HP: 16/16 MP: 4/4
   611 | D:1      | 611 ||| READING 2 scrolls labelled YSTRAO YLIULA.
   616 | D:1      | 616 ||| READING scroll labelled QEULUT FUCONTE.
   617 | D:1      | 617 ||| READING scroll labelled XUH KYXOGARU.
   618 | D:1      | 618 ||| READING scroll labelled APTU TEENGEATANN.
   647 | D:1      | 647 ||| DROPPING scroll of butterflies.
   761 | D:2      | Reached XP level 3. HP: 20/20 MP: 5/5
   802 | D:2      | HP: 5/20 [rat (2)]
   802 | D:2      | Slain by a kobold

Levels and vault maps discovered:
D:1:      eino_arrival_water_cross, layout_loops_ring,
          chequers_serial_rivers_micro_c
D:2:      layout_rooms, ebering_ecumenical_altar_abandoned

Skill      XL: |  1 |
---------------+----+-----
Ranged Weapons | 6 |  6.9
Fighting       | |  1.5
Dodging        | |  2.4
Stealth        | |  1.2

Action                     || total
---------------------------++-------
   Fire: Shortbow          ||    78
    Use: Scroll            ||     4
 Armour: Leather armour    ||    11
  Dodge: Dodged            ||    28

Table legend:
 A = Non-vault XP
 B = Vault XP
 C = Vault XP percentage of total XP
 D = Non-vault monster count
 E = Vault monster count
 F = Vault count percentage of total count
                 A         B        C        D         E       F
            +---------+---------+-------+---------+---------+-------
      Total |      60 |       0 |   0.0 |      29 |       0 |   0.0
            +---------+---------+-------+---------+---------+-------
        D:1 |      29 |       0 |   0.0 |      17 |       0 |   0.0
        D:2 |      31 |       0 |   0.0 |      12 |       0 |   0.0
            +---------+---------+-------+---------+---------+-------
